Map: Golden Wall LE

Players

Astrea - Winner!

  • Race: Protoss Protoss
  • Spawn Location: 7:00

Neeb

  • Race: Protoss Protoss
  • Spawn Location: 5:00

Event: DreamHack SC2 Masters 2020 Summer North America

VOD

Have the link to the VOD?

Description

Time

  • Played on: July 12, 2020, 5:20 p.m.
  • Length: 8:47

All games in this series

Show
View Real Time Build Order
Export as new Build Order

Astrea Protoss - Winner!

Build Orders:  

Get SALT Encoding   

  12  0:00  Probe  
  13  0:12  Probe  
  14  0:17  Pylon  
  14  0:24  Probe  
  15  0:32  Probe  
  15  0:39  Gateway  
  15  0:40  Probe  
  16  0:46  Assimilator  
  17  0:51  Probe  
  17  0:54  Assimilator  
  18  0:59  Probe  
  19  1:07  Gateway, Probe  
  19  1:17  Probe  
  21  1:26  Cybernetics Core  
  21  1:29  Probe  
  22  1:34  Pylon  
  22  1:41  Probe  
  23  1:53  Probe, Warp Gate  
  24  2:03  Stalker  
  24  2:06  Probe  
  27  2:09  Sentry  
  27  2:11  Pylon  
  29  2:18  Probe  
  30  2:30  Probe  
  31  2:42  Probe  
  32  2:45  Nexus  
  32  2:50  Sentry x2  
  36  2:55  Pylon  
  36  3:00  Probe  
  37  3:12  Probe  
  38  3:20  Twilight Council  
  38  3:24  Probe  
  39  3:36  Probe  
  39  3:41  Stalker x2  
  39  3:44  Stargate  
  43  3:48  Shield Battery  
  43  3:49  Shield Battery  
  43  3:57  Shield Battery  
  43  4:02  Pylon  
  43  4:05  Sentry, Stalker  
  47  4:19  Phoenix  
  47  4:25  Shield Battery  
  47  4:30  Stalker  
  47  4:31  Zealot  
  53  4:46  Phoenix  
  55  4:57  Zealot x2  
  57  5:02  Probe  
  57  5:03  Probe  
  57  5:06  Oracle  
  59  5:11  Gateway  
  59  5:17  Zealot x2, Probe x2  
  59  5:20  Pylon  
  68  5:32  Probe x2  
  70  5:44  Stalker x2  
  70  5:46  Phoenix  
  74  5:54  Pylon  
  74  5:55  Assimilator  
  76  5:59  Assimilator  
  76  6:03  Probe x2  
  78  6:12  Pylon  
  78  6:13  Pylon  
  78  6:15  Probe x2  
  80  6:20  Phoenix  
  82  6:27  Probe  
  82  6:28  Robotics Facility  
  82  6:31  Stalker  
  82  6:32  Zealot x2  
  89  6:36  Void Ray  
  93  6:58  Stalker x3  
  99  7:03  Gateway  
  87  7:19  Void Ray  
  87  7:21  Zealot  
  85  7:23  Stalker x2  
  87  7:35  Probe  
Show
View Real Time Build Order
Export as new Build Order

Neeb Protoss 

Build Orders: Colossus Rush 

Get SALT Encoding   

  12  0:00  Probe  
  13  0:12  Probe  
  14  0:17  Pylon  
  14  0:24  Probe  
  15  0:32  Probe  
  15  0:37  Gateway  
  15  0:40  Probe  
  16  0:46  Assimilator  
  17  0:51  Probe  
  18  0:57  Assimilator  
  18  1:00  Probe  
  19  1:08  Probe  
  19  1:17  Probe  
  20  1:25  Cybernetics Core  
  21  1:30  Probe, Pylon  
  22  1:42  Probe  
  23  1:54  Probe  
  24  2:01  Stalker, Robotics Facility  
  24  2:03  Warp Gate  
  26  2:09  Gateway  
  26  2:18  Pylon  
  26  2:31  Stalker  
  28  2:38  Immortal  
  32  2:55  Pylon  
  32  2:57  Gateway  
  32  3:05  Stalker  
  33  3:09  Warp Prism  
  33  3:26  Shield Battery  
  39  3:53  Stalker  
  39  3:54  Observer  
  39  3:55  Stalker x2  
  42  4:03  Pylon  
  42  4:18  Immortal  
  42  4:23  Robotics Bay  
  44  4:40  Sentry  
  44  5:01  Nexus  
  44  5:06  Sentry  
  46  5:07  Adept  
  48  5:17  Colossus  
  54  5:36  Pylon  
  54  5:50  Pylon  
  54  6:02  Sentry  
  54  6:03  Warp Prism  
  56  6:15  Adept  
  56  6:16  Adept  
  64  6:29  Sentry  
  64  6:32  Probe x2  
  66  6:34  Zealot  
  66  6:38  Stalker  
  66  6:39  Stalker  
  69  7:03  Adept x3  
  61  7:24  Stalker x3  
Tags
 
Add a new tag
Caveats
  • Supply blocks, unpowered buildings, or Contaminate may cause inaccurate times.
  • Supply counts are checked every 10 seconds.